Map: Mech Depot LE

Players

Juxtapose - Winner!

  • Race: Zerg Zerg
  • League: Gold
  • Spawn Location: 7:00

JORGEX

  • Race: Protoss Protoss
  • League: Gold
  • Spawn Location: 1:00

VOD

https://youtu.be/MziY6FGC0cI

Description

I love when I get to use Lurkers, and I used them quite effectively this game. My opponent also lacked Observers for a good while, which helped me out there.

I also had a hunch that my opponent was going to go for Carriers, but decided to push earlier and rely on Hydralisks and Infested Terrans to deal with smaller numbers of them rather than mass Corruptors and let my opponent get even more Carriers.

Time

  • Played on: Sept. 17, 2017, 11:49 a.m.
  • Length: 14:11
Show
View Real Time Build Order
Export as new Build Order

Juxtapose Zerg - Winner!

Build Orders: Pool First, Lurkers 

Get SALT Encoding   

  12  0:01  Drone  
  13  0:13  Overlord  
  13  0:17  Drone  
  14  0:36  Spawning Pool  
  14  0:38  Drone  
  14  0:45  Drone  
  15  0:50  Overlord  
  15  0:58  Extractor, Drone  
  15  1:04  Drone  
  16  1:15  Drone  
  17  1:24  Queen  
  19  1:26  Zergling x2  
  20  1:33  Drone  
  21  1:44  Drone  
  22  1:57  Zergling x2  
  23  2:05  Queen  
  25  2:08  Overlord  
  25  2:14  Extractor  
  24  2:32  Hatchery  
  24  2:36  Drone x5  
  28  3:02  Metabolic Boost  
  28  3:06  Lair  
  28  3:11  Roach Warren  
  27  3:15  Evolution Chamber  
  27  3:18  Drone  
  27  3:20  Drone  
  28  3:38  Overlord, Drone  
  28  3:39  Zergling x2, Drone  
  31  3:54  Drone  
  31  3:55  Queen  
  32  4:00  Drone  
  36  4:10  Drone  
  36  4:15  Roach x2  
  40  4:20  Hydralisk Den  
  40  4:23  Glial Reconstitution  
  39  4:24  Drone  
  40  4:50  Muscular Augments  
  40  4:58  Drone x4  
  40  4:59  Drone  
  45  5:02  Overlord  
  45  5:03  Overlord  
  45  5:04  Roach  
  47  5:11  Zerg Ground Armor Level 1  
  47  5:16  Drone x2  
  49  5:34  Drone x3  
  52  5:38  Extractor  
  52  5:40  Extractor  
  52  5:42  Queen  
  52  5:45  Hydralisk x2  
  56  5:53  Spore Crawler  
  56  5:55  Spore Crawler  
  54  6:03  Overseer  
  54  6:11  Hydralisk  
  54  6:12  Hydralisk x4  
  54  6:15  Roach  
  54  6:17  Drone  
  67  6:18  Burrow  
  67  6:29  Drone  
  68  6:38  Overlord x4  
  68  7:06  Roach x4, Hydralisk  
  78  7:16  Zergling x6  
  78  7:17  Zergling x8  
  78  7:19  Drone  
  86  7:30  Overseer  
  86  7:31  Overseer  
  86  7:56  Drone  
  86  7:57  Drone x5  
  92  8:01  Overlord x5  
  92  8:11  Infestation Pit  
  91  8:17  Zerg Missile Weapons Level 1  
  91  8:18  Lurker Den  
  91  8:23  Zergling x6  
  94  8:44  Roach x2, Hydralisk x4  
  94  8:46  Drone  
  107  9:10  Infestor x3  
  107  9:15  Pathogen Glands  
  113  9:17  Hydralisk  
  113  9:22  Hatchery  
  114  9:49  Lurker  
  115  9:56  Lurker  
  115  9:58  Lurker  
  117  10:06  Zergling x8  
  123  10:07  Zergling x14  
  123  10:08  Zergling x8  
  123  10:09  Overlord x2  
  123  11:22  Hydralisk x5  
  123  11:23  Hydralisk x2  
  123  11:24  Drone x4  
  81  12:16  Hydralisk x7  
  81  12:17  Hydralisk x3  
  81  12:18  Zergling x12  
  81  12:19  Zergling x12  
  109  12:53  Lurker  
  110  13:18  Hydralisk x7  
  110  13:19  Roach  
  130  13:20  Zergling x8, Roach x4  
  130  13:21  Zergling x4  
  140  13:41  Extractor  
  139  13:43  Extractor  
Show
View Real Time Build Order
Export as new Build Order

JORGEX Protoss 

Build Orders: 1 Gate Expand 

Get SALT Encoding   

  12  0:03  Probe (Chrono Boost)  
  13  0:13  Probe (Chrono Boost)  
  14  0:21  Pylon  
  14  0:26  Probe (Chrono Boost)  
  15  0:39  Probe (Chrono Boost)  
  16  0:43  Gateway  
  16  1:07  Nexus  
  16  1:19  Probe (Chrono Boost)  
  16  1:22  Assimilator  
  17  1:33  Cybernetics Core  
  17  1:38  Probe (Chrono Boost)  
  17  2:01  Zealot (Chrono Boost)  
  19  2:09  Pylon  
  19  2:25  Assimilator  
  19  2:27  Pylon  
  19  2:35  Zealot (Chrono Boost)  
  21  2:49  Warp Gate (Chrono Boost)  
  21  2:56  Probe  
  22  3:06  Mothership Core  
  22  3:08  Probe  
  25  3:20  Probe  
  25  3:25  Probe  
  27  3:29  Assimilator  
  27  3:32  Probe  
  28  3:36  Probe  
  28  3:39  Stargate  
  29  3:44  Probe  
  29  3:46  Probe  
  29  3:48  Pylon  
  31  3:57  Probe x2  
  33  4:07  Probe  
  33  4:09  Probe  
  35  4:17  Twilight Council  
  35  4:18  Probe  
  35  4:22  Gateway  
  35  4:23  Gateway  
  36  4:26  Gateway  
  36  4:28  Probe  
  37  4:34  Pylon  
  37  4:35  Oracle  
  40  4:39  Probe  
  40  4:43  Probe  
  42  4:51  Pylon  
  42  4:55  Probe  
  42  4:56  Probe  
  42  4:57  Pylon  
  44  5:05  Resonating Glaives (Chrono Boost)  
  44  5:06  Probe  
  44  5:07  Probe  
  46  5:17  Probe  
  47  5:24  Phoenix  
  47  5:27  Probe  
  49  5:33  Stalker  
  49  5:34  Assimilator  
  49  5:35  Stalker  
  54  5:37  Adept x2  
  54  5:38  Probe  
  59  5:48  Probe  
  60  6:05  Adept  
  60  6:06  Adept x3  
  65  6:30  Probe  
  66  6:41  Probe  
  67  6:51  Probe  
  68  6:57  Nexus  
  68  7:04  Pylon  
  68  7:07  Pylon  
  68  7:13  Pylon  
  68  7:16  Stargate  
  68  7:20  Forge  
  68  7:21  Forge  
  68  7:25  Pylon  
  68  7:35  Gateway x2  
  68  7:38  Gateway  
  68  7:46  Robotics Facility  
  68  7:49  Robotics Facility  
  68  7:54  Photon Cannon  
  68  7:56  Photon Cannon  
  68  7:59  Photon Cannon  
  68  8:04  Photon Cannon  
  68  8:09  Protoss Ground Weapons Level 1  
  68  8:10  Protoss Ground Armor Level 1  
  68  8:15  Stalker x2  
  68  8:16  Stalker x2  
  76  8:24  Probe  
  77  8:28  Probe  
  77  8:33  Probe  
  78  8:35  Probe  
  78  8:38  Assimilator  
  78  8:40  Probe  
  81  8:43  Assimilator, Probe  
  81  8:44  Immortal  
  81  8:45  Immortal, Probe  
  91  8:51  Charge (Chrono Boost)  
  91  8:52  Probe  
  91  8:54  Probe  
  92  8:56  Probe  
  94  9:04  Probe  
  94  9:05  Probe  
  94  9:06  Probe  
  97  9:12  Stargate  
  97  9:14  Fleet Beacon  
  97  9:15  Probe  
  97  9:17  Probe x2  
  99  9:20  Void Ray x2  
  108  9:27  Probe, Pylon  
  108  9:30  Pylon  
  109  9:38  Probe  
  110  9:46  Zealot x3  
  110  9:47  Zealot x3  
  110  9:48  Zealot  
  110  9:49  Probe  
  125  9:59  Carrier, Probe  
  131  10:04  Anion Pulse-Crystals  
  132  10:11  Protoss Air Weapons Level 1 (Chrono Boost)  
  132  10:16  Carrier  
  138  10:24  Carrier  
  144  10:29  Protoss Shields Level 1  
  144  10:32  Protoss Ground Weapons Level 2  
  119  11:24  Observer, Nexus  
  115  11:25  Observer  
  47  12:16  Carrier x3  
  47  12:20  Observer x2  
  67  12:29  Zealot x3  
  70  12:30  Zealot x4  
  59  13:14  Zealot x3  
  59  13:15  Zealot x3  
  57  13:21  Zealot x3  
  57  13:22  Zealot  
Tags
 
Add a new tag
Caveats
  • Supply blocks, unpowered buildings, or Contaminate may cause inaccurate times.
  • Supply counts are checked every 10 seconds.